 Dungeon Crawl Stone Soup version 0.29.1-1-gd02db6906a (webtiles) character file.

Game seed: 6371366541264046511

5977 MisterFreud the Cruncher (level 11, -1/83 (89) HPs)
             Began as a Formicid Gladiator on Oct 20, 2022.
             Was an Initiate of Yredelemnul.
             Engulfed by a death drake's foul pestilence (3 damage)
             ... on level 15 of the Dungeon.
             The game lasted 00:13:14 (12974 turns).

MisterFreud the Cruncher (Formicid Gladiator)      Turns: 12974, Time: 00:13:14

HP:   -1/83 (89)    AC:  7    Str: 21    XL:     11   Next: 10%
MP:   17/17         EV: 12    Int:  8    God:    Yredelemnul [......]
Gold: 406           SH:  0    Dex: 17    Spells: 10/10 levels left

rFire   + . .      SeeInvis +   f - +4 quarterstaff
rCold   . . .      Faith    .   (no shield)
rNeg    . . .      Spirit   .   b - +0 leather armour
rPois   +          Reflect  .   (helmet unavailable)
rElec   .          Harm     .   w - +0 cloak
rCorr   .          Rampage  .   (no gloves)
Will    ++...                   h - +1 pair of boots
Stlth   +.........              (no amulet)
HPRegen 0.23/turn               q - ring of protection from fire
MPRegen 0.15/turn               y - ring "Conut" {rPois Will+}

@: confused, lethally poisoned (-1 -> -20), ambrosia-drunk, drained
A: permanent stasis, dig shafts and tunnels, antennae 3, four strong arms
a: Dig, Shaft Self, Renounce Religion, Recall Undead Harvest


You were on level 15 of the Dungeon.
You worshipped Yredelemnul.
Yredelemnul was aware of your devotion.
You visited 1 branch of the dungeon, and saw 12 of its levels.

You collected 406 gold pieces.

Inventory:

Hand Weapons
 f - a +4 quarterstaff (weapon)
Missiles
 a - 2 boomerangs
 c - 4 throwing nets (quivered)
 d - 3 javelins
 g - a curare-tipped dart
 j - 26 poisoned darts
 B - 2 atropa-tipped darts
Armour
 b - a +0 leather armour (worn)
 h - a +1 pair of boots (worn)
 w - a +0 cloak (worn)
Jewellery
 q - a ring of protection from fire (left hand)
 y - the ring "Conut" (right hand) {rPois Will+}
   (You found it on level 6 of the Dungeon)

   [ring of poison resistance]

   rPois:     It protects you from poison.
   Will:      It increases your willpower.
 A - a ring of protection from cold
Wands
 x - a wand of polymorph (19)
 E - a wand of quicksilver (5)
Scrolls
 l - 2 scrolls of summoning
 z - a scroll of enchant armour
Potions
 e - 3 potions of curing
 i - 2 potions of might
 k - a potion of cancellation
 n - 2 potions of flight
 o - 2 potions of mutation
 r - a potion of resistance
 t - a potion of lignification {unknown}
 u - a potion of magic {unknown}
 v - 2 potions of brilliance
 C - a potion of haste {unknown}
 D - 2 potions of berserk rage


   Skills:
 + Level 9.3 Fighting
 - Level 10.0 Staves
 - Level 2.0 Throwing
 - Level 8.0 Armour
 - Level 2.6 Dodging
 - Level 8.0 Invocations


You had 10 spell levels left.
You didn't know any spells.
Your spell library contained the following spells:

 Spells                   Type           Power      Damage    Failure   Level
 Conjure Flame            Conj/Fire      0%         6-21      82%         3
 Gell's Gravitas          Tloc           0%         N/A       82%         3
 Ignite Poison            Fire/Tmut/Pois 0%         N/A       82%         3
 Mephitic Cloud           Conj/Pois/Air  0%         N/A       82%         3
 Teleport Other           Tloc           0%         N/A       82%         3
 Sticky Flame             Conj/Fire      0%         2d3       99%         4
 Yara's Violent Unravell  Hex/Tmut       0%         3d3       100%        5
 Dispersal                Tloc           0%         N/A       100%        6
 Eringya's Noxious Bog    Tmut/Pois      0%         N/A       100%        6


Dungeon Overview and Level Annotations

Branches:
Dungeon (15/15)            Temple (0/1) D:6          Depths (0/4) D:15
   Lair: D:8-11         Orc: D:9-12      Vaults: D:13-14

Altars:
Cheibriados
Trog
Yredelemnul

Annotations:
D:3 2 transporters
D:4 3 runed translucent doors, sankara's ghost, amateur TrMo


Innate Abilities, Weirdness & Mutations

You cannot be hasted, slowed, berserked, paralysed or teleported.
You can dig through walls and to a lower floor.
You have a pair of large antennae on your head. (SInv)
Your four strong arms can wield two-handed weapons with a shield.


Message History

You are more poisoned.
You feel extremely sick. The death drake barely misses you.
Unknown command.
You closely miss the death drake.
The death drake is moderately wounded.
You are engulfed in dark miasma.
You feel extremely sick. The death drake breathes miasma at you.
The foul vapour misses you.
Unknown command.
You miss the death drake.
The death drake is lightly wounded.
* * * LOW HITPOINT WARNING * * *
You feel very sick. The death drake closely misses you.
You feel better.
The death drake bites you but does no damage.
The death drake bites you.
You barely miss the death drake.
The death drake is lightly wounded.
The death drake bites you.
* * * LOW HITPOINT WARNING * * *
You sock the death drake!
The death drake is moderately wounded.
The death drake misses you.
You hit the death drake but do no damage.
The death drake is moderately wounded.
The death drake breathes miasma at you. The foul vapour engulfs you!!
Your stasis prevents you from being slowed.
* * * LOW HITPOINT WARNING * * *
Unknown command.
Unknown command.
You are confused.
You feel invigorated.
You are engulfed in dark miasma.
You are lethally poisoned!
Your stasis prevents you from being slowed.
You die...
Your body rises from the dead as a mindless zombie.

*,*,****,***,* *.#
*,*,,,,,,,,,,*********
*,*
,,******,***,,,,,,,,,*
*,* *,* *,*
*********,* *,*
*,******,*##**
*,******,*
,,,,,,,,,,,<.**
*,,,,,,,,*
*,******,,**#○**
***###########
*,,,,,,,,**
*#○########......[...
,,******,*
#○k@○○○....#########
*** *,** *#○##########
**,**#○** **,..**
*##**


You could see a death drake (catching breath).

Vanquished Creatures
  A tarantella (shapeshifter) (D:15)
  A wraith (D:8)
  2 wyverns (D:9)
  6 yaks
  A basilisk (D:9)
  5 water moccasins
  3 orc warriors
  An ice beast (D:7)
  A black bear (D:5)
  An ogre (D:4)
  2 centaurs (D:7)
  2 phantoms (D:6)
  3 kobold brigands
  4 bullfrogs
  2 scorpions
  4 necrophages
  A wight (D:9)
  4 killer bees (D:8)
  A hound (D:6)
  2 jellies
  9 orc priests
  A gnoll bouda (D:7)
  4 iguanas
  7 orc wizards
  Robin (D:1)
  5 gnolls
  3 adders
  2 shadow imps
  2 white imps
  3 ufetubi
  3 dart slugs
  29 orcs
  5 ball pythons
  2 endoplasms (D:1)
  3 giant cockroaches
  12 goblins
  9 hobgoblins
  8 jackals
  22 kobolds
  3 quokkas
  4 bats (D:1)
  3 frilled lizards
  4 rats
191 creatures vanquished.

Vanquished Creatures (collateral kills)
  Pikel (D:9)
  Sigmund (D:4)
  A water moccasin (D:9)
  A scorpion (D:5)
  2 wights (D:9)
  A killer bee (D:8)
  A howler monkey (D:6)
  An orc priest (D:6)
  A jelly (D:8)
  A gnoll (D:7)
  A worm (D:6)
  3 orcs (D:7)
15 creatures vanquished.

Vanquished Creatures (others)
  A wizard (D:7)
  2 wyvern zombies (D:9)
  2 water moccasin zombies (D:9)
  A yak zombie (D:9)
  A centaur zombie (D:7)
  A basilisk zombie (D:9)
  2 killer bee zombies (D:8)
  A howler monkey zombie (D:6)
  A spectral shadow imp (D:6)
  A hobgoblin zombie (D:4)
  A jackal zombie (D:5)
  7 kobold zombies
  8 orc zombies
  A spectral ufetubus (D:4)
  5 bushes (D:9)
  11 demonic plants (D:4)
  9 fungi (D:9)
  24 plants (D:9)
79 creatures vanquished.

Grand Total: 285 creatures vanquished

Notes
Turn   | Place    | Note
-------+----------+-------------------------------------------
     0 | D:1      | MisterFreud the Formicid Gladiator began the quest for the
                  | Orb.
     0 | D:1      | Reached XP level 1. HP: 16/16 MP: 1/1
   419 | D:1      | Reached XP level 2. HP: 22/22 MP: 2/2
   783 | D:1      | Reached skill level 4 in Staves
   783 | D:1      | Reached XP level 3. HP: 27/27 MP: 3/3
  1018 | D:2      | Identified the +4 robe of Pessimism {Dex+7 Stlth+}
  1181 | D:2      | Identified the -1 helmet "Soisumenye" {rN+ Stlth+}
  1181 | D:2      | Noticed Robin
  1667 | D:2      | Reached XP level 4. HP: 22/33 MP: 4/4
  1912 | D:1      | Killed Robin
  2186 | D:3      | Found a transporter.
  2210 | D:3      | Reached skill level 5 in Staves
  2229 | D:3      | Noticed a small abomination
  2238 | D:3      | Found a transporter.
  3058 | D:3      | Found a faded altar of an unknown god.
  3150 | D:4      | Noticed a scorpion
  3164 | D:4      | Killed a scorpion
  3165 | D:4      | Reached XP level 5. HP: 31/38 MP: 5/5
  3293 | D:4      | Found a basalt altar of Yredelemnul.
  3375 | D:4      | Became a worshipper of Yredelemnul the Dark
  3428 | D:4      | Found a runed translucent gate.
  3429 | D:4      | Found a runed translucent gate.
  3429 | D:4      | Found a runed translucent gate.
  3430 | D:4      | Noticed an acid dragon
  3430 | D:4      | Noticed an ogre
  3431 | D:4      | Noticed sankara's ghost (amateur TrMo)
  3436 | D:4      | Killed an ogre
  3437 | D:4      | Reached skill level 6 in Staves
  3437 | D:4      | Reached skill level 1 in Armour
  3437 | D:4      | Reached XP level 6. HP: 47/47 MP: 6/6
  3460 | D:4      | HP: 1/47 [gnoll/+0 halberd (6)]
  3466 | D:4      | You fall into a shaft and drop 1 floor!
  3466 | D:5      | Entered Level 5 of the Dungeon
  3881 | D:5      | Noticed a water moccasin
  3899 | D:5      | Killed a water moccasin
  3899 | D:5      | Reached * piety under Yredelemnul
  4121 | D:5      | Noticed a black bear
  4125 | D:5      | Reached XP level 7. HP: 37/54 MP: 7/7
  4137 | D:5      | Reached ** piety under Yredelemnul
  4653 | D:5      | Reached skill level 5 in Fighting
  4944 | D:5      | Reached XP level 8. HP: 62/62 MP: 8/8
  5322 | D:5      | Reached skill level 7 in Staves
  5407 | D:5      | Identified the +0 pair of gloves of Woxif {Str+7 Dex+4}
  6525 | D:4      | Noticed Sigmund
  6536 | D:4      | Killed Sigmund
  6537 | D:4      | Reached skill level 8 in Staves
  7153 | D:6      | Reached skill level 9 in Staves
  7153 | D:6      | Reached skill level 1 in Invocations
  7258 | D:6      | Reached XP level 9. HP: 46/68 MP: 10/10
  7381 | D:6      | Identified the ring "Conut" {rPois Will+}
  7488 | D:6      | Found a staircase to the Ecumenical Temple.
  7511 | D:6      | Reached *** piety under Yredelemnul
  7645 | D:6      | Got the Tome of the Figure and Vitiation
  7869 | D:6      | Found a snail-covered altar of Cheibriados.
  8337 | D:7      | Reached skill level 5 in Invocations
  8630 | D:7      | Reached skill level 10 in Staves
  9485 | D:7      | Found a bloodstained altar of Trog.
  9486 | D:7      | Noticed a wizard
  9492 | D:7      | Killed a wizard
  9588 | D:8      | Reached XP level 10. HP: 74/74 MP: 14/16
  9826 | D:8      | HP: 2/75 [killer bee (7)]
 10221 | D:8      | Reached skill level 5 in Armour
 11579 | D:9      | Noticed Pikel
 11610 | D:9      | Killed Pikel
 11852 | D:9      | Reached XP level 11. HP: 63/87 MP: 17/17
 12034 | D:9      | You fall into a shaft and drop 3 floors!
 12317 | D:12     | You fall into a shaft and drop 3 floors!
 12317 | D:15     | Entered Level 15 of the Dungeon
 12512 | D:15     | Noticed a deep elf pyromancer
 12538 | D:15     | Noticed a two-headed ogre
 12538 | D:15     | Noticed a two-headed ogre
 12588 | D:14     | HP: 4/83 [polar bear (shapeshifter) (3)]
 12590 | D:14     | You fall into a shaft and drop 1 floor!
 12957 | D:15     | Noticed a manticore
 12963 | D:15     | Noticed a death drake
 12963 | D:15     | a manticore changed into a death drake
 12973 | D:15     | HP: 2/83 [death drake/foul vapour (19)]
 12974 | D:15     | Engulfed by a death drake's foul pestilence

Illustrated notes

Levels and vault maps discovered:
D:1:      minmay_arrival_stair_chambers, layout_loops_cross, minmay_box_of_dots
D:2:      layout_rooms, uniq_robin
D:3:      layout_basic, shapermc_ecumenical_altar_mp_vishouse,
          gammafunk_ghost_abyssal_escape, kennysheep_another_room
D:4:      layout_loops_ring, lemuel_tele_altar, serial_demonic,
          serial_demonic_g, serial_demonic_g, serial_demonic_e,
          serial_demonic_g, gammafunk_ghost_split, uniq_sigmund
D:5:      layout_layer_cave, kennysheep_generic_room_7
D:6:      layout_loops_ring, slow_altar_2, minmay_temple_entry_junction_2
D:7:      layout_gridville, trog_wizard
D:8:      layout_loops_ring
D:9:      layout_rooms, minmay_lair_entry_grove, uniq_gastronok, uniq_pikel,
          uniq_erolcha
D:12:     layout_cave_pools
D:14:     layout_gridville, grunt_gozag_statues, corexii_hall_statues_l
D:15:     grunt_enter_depths_snipers, layout_loops_ring, uniq_louise,
          uniq_rupert, uniq_azrael

Skill      XL: |  1  2  3  4  5  6  7  8  9 10 11 |
---------------+----------------------------------+-----
Staves         | 4 5 6 9 10 | 10.0
Fighting       | 3 4 5 8 9 |  9.3
Armour         | 1 3 4 8 |  8.0
Invocations    | 2 8 |  8.0
Throwing       | |  2.0
Dodging        | |  2.6

Action                   |  1- 3 |  4- 6 |  7- 9 | 10-12 || total
-------------------------+-------+-------+-------+-------++-------
Melee: Quarterstaff      |    71 |    85 |   302 |   220 ||   678
       Punch             |     1 |       |     6 |     6 ||    13
 Abil: Shaft Self        |       |     1 |       |     3 ||     4
Evoke: Wand              |       |       |       |     4 ||     4
  Use: Scroll            |     6 |     8 |     5 |     4 ||    23
       Potion            |       |     2 |       |     3 ||     5
 Stab: Distracted        |     1 |       |     3 |     1 ||     5
       Sleeping          |     1 |       |       |       ||     1
Armor: Leather armour    |    23 |    33 |    92 |    56 ||   204
Dodge: Dodged            |    42 |    61 |   184 |   119 ||   406
